 Dungeon Crawl Stone Soup version 0.23-a0-419-g0174fd8 (webtiles) character file.

2461 VLARC the Slasher (level 9, -1/51 HPs)
             Began as a Vine Stalker Monk on Nov 11, 2018.
             Was a Priest of Yredelemnul.
             Killed by divine providence
             ... invoked by an orc priest
              (9 damage)
             ... on level 8 of the Dungeon.
             The game lasted 00:16:39 (6442 turns).

VLARC the Slasher (Vine Stalker Monk)               Turns: 6442, Time: 00:16:40

Health: -1/51      AC: 11    Str: 17    XL:     9   Next: 50%
Magic:  0/14       EV: 10    Int: 10    God:    Yredelemnul [***...]
Gold:   234        SH:  5    Dex: 17    Spells: 8/8 levels left

rFire    . . .     SeeInvis +   p - +0 long sword
rCold    . . .     Gourm    .   r - +1 buckler
rNeg     . . .     Faith    .   d - +0 ring mail
rPois    .         Spirit   +   G - +0 helmet {SInv}
rElec    .         Reflect  .   (no cloak)
rCorr    .         Harm     .   (no gloves)
MR       +....                  x - +1 pair of boots {run}
Stlth    +.........             (no amulet)
HPRegen  0.57/turn              a - +3 ring of protection
MPRegen  0.14/turn              (no ring)

@: drained, quick
A: fangs 3, regeneration 1, magic shield, antimagic bite, no potion heal 3, rot
immunity
a: Recall Undead Slaves, Injury Mirror, Animate Dead, Renounce Religion


You were on level 8 of the Dungeon.
You worshipped Yredelemnul.
Yredelemnul was most pleased with you.
You were not hungry.

You visited 2 branches of the dungeon, and saw 9 of its levels.

You collected 372 gold pieces.
You spent 138 gold pieces at shops.

Inventory:

Hand Weapons
 p - a +0 long sword (weapon)
Missiles
 k - 3 throwing nets (quivered)
Armour
 d - a +0 ring mail (worn)
 q - a +0 helmet
 r - a +1 buckler (worn)
 t - a +0 shield
 x - a +1 pair of boots of running (worn)
 y - a +0 chain mail
 D - a +0 plate armour
 G - a +0 helmet of see invisible (worn)
Jewellery
 a - a +3 ring of protection (left hand)
Wands
 s - a wand of clouds (4)
 u - a wand of polymorph (8)
Scrolls
 g - 4 scrolls of remove curse
 i - a scroll of enchant weapon
 j - 5 scrolls of identify
 l - a scroll of amnesia
 n - 2 scrolls of enchant armour
 o - 3 scrolls of fog
 w - a scroll of magic mapping {unknown}
 I - 2 scrolls of teleportation
Potions
 b - 3 potions of curing
 c - a potion of degeneration {unknown}
 e - a potion of might
 h - a potion of agility {unknown}
 m - a potion of haste {unknown}
 v - a potion of cancellation {unknown}
 z - a potion of heal wounds {unknown}
 A - a potion of flight {unknown}
 B - a potion of invisibility {unknown}
 C - 3 potions of mutation {unknown}
 E - a potion of berserk rage {unknown}
 F - a potion of brilliance {unknown}
Comestibles
 f - 13 rations


   Skills:
 + Level 7.7(7.1) Fighting
 + Level 7.7(7.1) Long Blades
 - Level 2.4(1.8) Dodging
 - Level 2.4(1.8) Stealth
 + Level 5.4(4.8) Invocations


You had 8 spell levels left.
You didn't know any spells.
Your spell library contained the following spells:

 Spells                   Type           Power        Failure   Level  Hunger
 Animate Skeleton         Necr           N/A          75%         1    ##.....
 Apportation              Tloc           #.....       75%         1    ##.....
 Confusing Touch          Hex            #.....       75%         1    ##.....
 Sandblast                Erth           #.....       75%         1    ##.....
 Summon Small Mammal      Summ           #...         75%         1    ##.....
 Passwall                 Tmut/Erth      #.......     87%         2    ###....
 Stone Arrow              Conj/Erth      #.....       98%         3    ####...
 Petrify                  Tmut/Erth      #.......     100%        4    #####..
 Lee's Rapid Deconstruct  Erth           #.........   100%        5    ######.


Dungeon Overview and Level Annotations

Branches:
Dungeon (8/15)             Temple (1/1) D:6            Lair (0/6) D:8

Altars:
Ashenzari
Cheibriados
Elyvilon
Hepliaklqana
Okawaru
Sif Muna
Vehumet
Wu Jian
Yredelemnul
Zin
The Shining One

Shops:
D:8 }*

Annotations:
D:5 exclusion: downstairs
D:7 Erica


Innate Abilities, Weirdness & Mutations

You have razor-sharp teeth.
Your natural rate of healing is unusually fast.
When hurt, damage is shared between your health and your magic reserves.
Your bite disrupts and absorbs the magic of your enemies.
Potions cannot restore your health.
You are immune to rotting.


Message History

The orc warrior is lightly wounded.
Your scorpion zombie hits the orc warrior but does no damage.
The orc warrior hits you with a +0 mace.
The orc priest calls down the wrath of Beogh upon you.
Beogh smites you!
* * * LOW HITPOINT WARNING * * *
The orc wizard hits something with a +0 short sword.
Something completely misses the orc warrior.
Your scorpion zombie barely misses the orc warrior.
Your scorpion zombie hits the orc warrior but does no damage.
Your scorpion zombie hits the orc priest.
The orc priest calls down the wrath of Beogh upon you.
Beogh smites you!
* * * LOW HITPOINT WARNING * * *
Yredelemnul accepts your kill.
You feel a bit more experienced.
The orc priest calls down the wrath of Beogh upon you.
Beogh smites you!
You die...
Your body rises from the dead as a mindless zombie.

#### ...# .#.#
...########################
..........o..o..@..<......#
##..##.#################..#
##.##.#### ###.##
#..#....### ######[..#
##.####o.Z#####......### ##
.. ###.#.....###### .#
##..###)#.##### .#
#.Z..oo.######### >#
##...............


You could see an orc warrior and an orc priest.

Vanquished Creatures
  Prince Ribbit (D:5)
  Eustachio (D:6)
  Duvessa (D:4)
  An orc warrior (D:6)
  A sky beast (D:6)
  A phantom (D:4)
  A black bear (D:6)
  3 centaurs
  An ogre (D:6)
  Blork the orc (D:5)
  A bullfrog (D:6)
  Dowan (D:4)
  2 scorpions
  4 wights (D:8)
  4 crimson imps
  A bullfrog zombie (D:6)
  2 hounds
  A centaur skeleton (D:8)
  An orc wizard (D:5)
  3 orc priests
  A bullfrog skeleton (D:6)
  An iguana (D:4)
  3 worker ants
  A hound skeleton (D:5)
  4 gnolls (D:8)
  7 adders
  A shadow imp (D:5)
  2 adder skeletons (D:4)
  An adder zombie (D:6)
  4 worms
  A dart slug (D:1)
  2 leopard geckos
  15 orcs
  A ball python (D:2)
  4 giant cockroaches
  7 goblins
  8 hobgoblins
  17 jackals
  5 kobolds
  2 quokkas
  9 bats
  6 frilled lizards
  A giant cockroach zombie (D:6)
  A jackal skeleton (D:5)
  A leopard gecko skeleton (D:5)
  A leopard gecko zombie (D:4)
  A quokka skeleton (D:4)
  10 rats
149 creatures vanquished.

Vanquished Creatures (collateral kills)
  A centaur (D:8)
  A wight (D:8)
  A hound (D:7)
  An orc priest (D:8)
  A bullfrog skeleton (D:6)
  An iguana (D:6)
  An adder (D:7)
7 creatures vanquished.

Vanquished Creatures (others)
  2 centaur zombies
  A bullfrog skeleton (D:6)
  A hound skeleton (D:8)
  A gnoll zombie (D:8)
5 creatures vanquished.

Grand Total: 161 creatures vanquished

Notes
Turn   | Place    | Note
-------+----------+-------------------------------------------
     0 | D:1      | VLARC the Vine Stalker Monk began the quest for the Orb.
     0 | D:1      | Reached XP level 1. HP: 11/11 MP: 2/2
    73 | D:1      | Reached XP level 2. HP: 16/16 MP: 3/3
   524 | D:1      | Reached XP level 3. HP: 20/20 MP: 4/4
  1574 | D:2      | Gained mutation: Your natural rate of healing is unusually
                  | fast. [Vine Stalker growth]
  1574 | D:2      | Reached XP level 4. HP: 9/25 MP: 2/5
  2575 | D:3      | Reached XP level 5. HP: 18/29 MP: 6/6
  2613 | D:3      | Found an iron altar of Okawaru.
  2613 | D:3      | Found a white marble altar of Elyvilon.
  2613 | D:3      | Found a deep blue altar of Sif Muna.
  3451 | D:4      | Noticed Dowan
  3485 | D:4      | Killed Dowan
  3485 | D:4      | Reached XP level 6. HP: 18/34 MP: 5/7
  3691 | D:4      | Noticed Duvessa
  3710 | D:4      | Killed Duvessa
  3710 | D:4      | Reached skill level 5 in Fighting
  3710 | D:4      | Reached skill level 5 in Long Blades
  3890 | D:4      | Reached XP level 7. HP: 23/39 MP: 4/8
  4272 | D:5      | Entered Level 5 of the Dungeon
  4273 | D:5      | Noticed Prince Ribbit
  4384 | D:5      | You fall through a shaft for 3 floors!
  4384 | D:8      | Noticed Erica
  4403 | D:5      | Noticed Eustachio
  4535 | D:5      | Noticed a rust devil
  4535 | D:5      | Noticed a rust devil
  4553 | D:6      | Found a staircase to the Ecumenical Temple.
  4562 | Temple   | Entered the Ecumenical Temple
  4657 | Temple   | Became a worshipper of Yredelemnul the Dark
  4657 | Temple   | Reached * piety under Yredelemnul
  4657 | Temple   | Reached ** piety under Yredelemnul
  4709 | D:6      | Reached skill level 1 in Invocations
  4764 | D:6      | Gained mutation: You have razor-sharp teeth. [Vine Stalker
                  | growth]
  4764 | D:6      | Reached XP level 8. HP: 26/44 MP: 10/10
  4784 | D:6      | Identified a +1 pair of boots of running (You found it on
                  | level 6 of the Dungeon)
  4872 | D:6      | Found a glowing silver altar of Zin.
  4873 | D:6      | Found a snail-covered altar of Cheibriados.
  5315 | D:6      | Killed Eustachio
  5610 | D:5      | Killed Prince Ribbit
  5610 | D:5      | Reached XP level 9. HP: 45/50 MP: 11/13
  5782 | D:5      | Noticed Blork the orc
  5789 | D:5      | Killed Blork the orc
  6143 | D:8      | Reached skill level 5 in Invocations
  6189 | D:8      | Found Bojex's General Store.
  6197 | D:8      | Bought a +0 helmet of see invisible for 138 gold pieces
  6275 | D:8      | Reached *** piety under Yredelemnul
  6322 | D:8      | Found a staircase to the Lair.
  6330 | D:8      | Found Puem's Gadget Shoppe.
  6442 | D:8      | Killed from afar by an orc priest

Vault maps used:
D:1:      psy_arrival_radial02
D:3:      gammafunk_temple_overflow_claw, minmay_misc_feat_chi,
          kennysheep_pointless_box
D:4:      uniq_duvessa
D:5:      cheibrodos_iron_armory, first_ration, minivault_25, uniq_eustachio,
          uniq_blork_the_orc, uniq_prince_ribbit1
D:6:      gammafunk_temple_overflow_statue, minmay_temple_entry_trees
D:7:      nicolae_overflow_crystal_walls, old_standard_altar
D:8:      lair_entry_dummy, serial_shops, shop, shop, uniq_erica
Temple:   regret_index_temple_generic_petals

Skill      XL: |  1  2  3  4  5  6  7  8  9 |
---------------+----------------------------+-----
Fighting       | 3 4 5 6 7 |  7.7
Long Blades    | 3 4 5 6 7 |  7.7
Invocations    | 2 4 5 |  5.4
Dodging        | |  2.4
Stealth        | |  2.4

Action                   |  1- 3 |  4- 6 |  7- 9 || total
-------------------------+-------+-------+-------++-------
Melee: Falchion          |    90 |   183 |    43 ||   316
       Bite              |    23 |    62 |   110 ||   195
       Long sword        |       |       |   224 ||   224
Invok: Animate Remains   |       |       |    16 ||    16
       Animate Dead      |       |       |     1 ||     1
Evoke: Wand              |       |     1 |     1 ||     2
  Use: Scroll            |       |     9 |     1 ||    10
       Potion            |       |       |     1 ||     1
 Stab: Sleeping          |     2 |     3 |     1 ||     6
  Eat: Chunk             |     2 |     4 |    11 ||    17
       Ration            |       |     1 |     1 ||     2
Armor: Ring mail         |    51 |    58 |   118 ||   227
Dodge: Dodged            |    57 |    91 |   198 ||   346
Block: Buckler           |       |    21 |    66 ||    87
       Rpst.: Falchion   |    24 |    32 |    10 ||    66
       Long sword        |       |       |    40 ||    40

Table legend:
 A = Non-vault XP
 B = Vault XP
 C = Vault XP percentage of total XP
 D = Non-vault monster count
 E = Vault monster count
 F = Vault count percentage of total count
                 A         B        C        D         E       F
            +---------+---------+-------+---------+---------+-------
      Total |    2744 |     772 |  22.0 |     151 |       5 |   3.2
            +---------+---------+-------+---------+---------+-------
        D:1 |      49 |       0 |   0.0 |      29 |       0 |   0.0
        D:2 |      50 |       0 |   0.0 |      14 |       0 |   0.0
        D:3 |     105 |       0 |   0.0 |      27 |       0 |   0.0
        D:4 |     429 |     226 |  34.5 |      26 |       2 |   7.1
        D:5 |     313 |     349 |  52.7 |      11 |       2 |  15.4
        D:6 |    1013 |     197 |  16.3 |      26 |       1 |   3.7
        D:7 |     194 |       0 |   0.0 |       4 |       0 |   0.0
        D:8 |     591 |       0 |   0.0 |      14 |       0 |   0.0
            +---------+---------+-------+---------+---------+-------
